 Dungeon Crawl Stone Soup version 0.31-a0-202-g547052bce9 (webtiles) character file.

Game seed: 1590264454246814660

46 innerfire43 the Trooper (level 3, 0/29 HPs)
             Began as a Demonspawn Monk on June 26, 2023.
             Slain by a kobold
             ... wielding a +0 dagger
              (2 damage)
             ... on level 2 of the Dungeon.
             The game lasted 00:01:08 (1269 turns).

innerfire43 the Trooper (Demonspawn Monk)           Turns: 1269, Time: 00:01:09

Health: 0/29       AC:  2    Str: 13    XL:     3   Next: 44%
Magic:  3/3        EV: 13    Int: 11    God:
Gold:   75         SH:  4    Dex: 15    Spells: 2/2 levels left

rFire   . . .        a - +0 hand axe
rCold   . . .        d - orb {light}
rNeg    . . .        b - +0 robe
rPois   .            (no helmet)
rElec   .            (no cloak)
rCorr   .            (no gloves)
SInv    .            (no boots)
Will    .....        (no amulet)
Stlth   +            (no ring)
HPRegen 0.24/turn    (no ring)
MPRegen 0.08/turn

%: no passive effects
@: slowed, glowing, very slow
A: large bone plates 1, demonic guardian 1
a: no special abilities


You were on level 2 of the Dungeon.
You visited 1 branch of the dungeon, and saw 2 of its levels.

You collected 75 gold pieces.

Inventory:

Hand Weapons
 a - a +0 hand axe (weapon)
Armour
 b - a +0 robe (worn)
 d - an orb of light (worn)
Scrolls
 e - 2 scrolls of teleportation {unknown}
 f - a scroll of immolation {unknown}
 h - a scroll of poison {unknown}
 i - a scroll of revelation {unknown}
 j - a scroll of fog {unknown}
 k - 2 scrolls of identify {unknown}
Potions
 c - a potion of ambrosia
 g - 2 potions of curing {unknown}
 l - a potion of invisibility {unknown}


   Skills:
 + Level 3.6 Fighting
 + Level 3.2 Axes
 + Level 3.2 Dodging


You had 2 spell levels left.
You didn't know any spells.
Your spell library was empty.

Dungeon Overview and Level Annotations

Branches:
Dungeon (2/15)

Altars:
Kikubaaqudgha

Shops:
D:2 (


Innate Abilities, Weirdness & Mutations

You are partially covered in large bone plates. (SH +4)
A weak demonic guardian rushes to your aid.


Message History

No target in view!
Jessica the Apprentice Sorceress comes into view.
She is wielding a +0 dagger.
Jessica shouts!
You hear a shout!
Jessica mumbles some strange words.
Jessica seems to speed up.
Jessica is nearby!
Jessica casts a spell.
Jessica blinks!
You hit Jessica.
Jessica is moderately wounded.
Jessica gestures wildly while chanting.
Jessica blinks!
You hit Jessica.
Jessica is almost dead.
Jessica casts a spell at you.
You feel yourself slow down.
A kobold comes into view. It is wielding a +0 dagger.
Jessica hits you with a +0 dagger.
A demonic guardian appears!
You hit Jessica but do no damage.
Jessica is almost dead.
Jessica casts a spell at you. Pain shoots through your body!
Jessica hits you with a +0 dagger.
Your quasit closely misses the kobold.
Your quasit claws the kobold but does no damage.
Your quasit barely misses the kobold.
The kobold hits you with a +0 dagger.
* * * LOW HITPOINT WARNING * * *
You hit Jessica but do no damage.
Jessica is almost dead.
You hit the kobold but do no damage. You block Jessica's attack.
Your quasit closely misses the kobold.
Your quasit claws the kobold.
Your quasit claws the kobold but does no damage.
Jessica hits you with a +0 dagger.
* * * LOW HITPOINT WARNING * * *
You block the kobold's attack.
Your quasit barely misses the kobold.
Your quasit misses the kobold. x2; Jessica hits you with a +0 dagger.
* * * LOW HITPOINT WARNING * * *
You hit Jessica.
You kill Jessica!
You hit the kobold. The kobold hits you with a +0 dagger.
You die...

#.....#.# #.#
#..####.. ..#
#... ... ###
##.# ##. #
###.# # ...##
# .5. #######
#K# ......#
#@# #####.#
#)#
#.##########.#
#............#
##############


You could see a kobold (ally target) and a friendly quasit (summoned).

Vanquished Creatures
  Jessica (D:2)
  2 dart slugs
  2 bats (D:1)
  3 endoplasms
  A giant cockroach (D:1)
  A goblin (D:2)
  5 hobgoblins
  3 jackals (D:1)
  5 kobolds (D:1)
  A quokka (D:1)
  3 frilled lizards
  2 rats
29 creatures vanquished.

Vanquished Creatures (collateral kills)
  An adder (D:2)
  A frilled lizard (D:2)
2 creatures vanquished.

Grand Total: 31 creatures vanquished

Notes
Turn   | Place    | Note
-------+----------+-------------------------------------------
     0 | D:1      | innerfire43 the Demonspawn Monk began the quest for the
                  | Orb.
     0 | D:1      | Reached XP level 1. HP: 18/18 MP: 1/1
   155 | D:1      | Gained mutation: A weak demonic guardian rushes to your
                  | aid. [demonic ancestry]
   155 | D:1      | Reached XP level 2. HP: 3/24 MP: 2/2
   761 | D:2      | Gained mutation: You are partially covered in large bone
                  | plates. (SH +4) [demonic ancestry]
   761 | D:2      | Reached XP level 3. HP: 22/29 MP: 3/3
   879 | D:2      | Found an ancient bone altar of Kikubaaqudgha.
   981 | D:2      | Found Tauheat's Antique Weapon Emporium.
  1261 | D:2      | Noticed Jessica
  1269 | D:2      | Killed Jessica
  1269 | D:2      | Slain by a kobold

Illustrated notes

Levels and vault maps discovered:
D:1:      spicycebolla_green_bress_n_ham, layout_basic
D:2:      layout_loops_ring, basic_altar, serial_shops, shop_statue,
          uniq_jessica, uniq_robin

Skill      XL: |  1  2 |
---------------+-------+-----
Dodging        | 3 |  3.2
Axes           | 3 |  3.2
Fighting       | |  3.6

Action                     || total
---------------------------++-------
  Melee: Hand axe          ||    67
 Armour: Robe              ||    12
  Dodge: Dodged            ||    44
  Block: Orb               ||     5

Table legend: (Time is in decaauts)
 A = Elapsed time spent in this place.
 B = Non-inter-level travel time spent in this place.
 C = Inter-level travel time spent in this place.
 D = Time resting spent in this place.
 E = Time spent auto-exploring this place.
 F = Levels seen in this place.
 G = Mean time per level.
                   A        B        C        D        E       F      G
               +--------+--------+--------+--------+--------+-----+--------+
         Total |   1279 |   1250 |     29 |      0 |   1080 |   2 |  639.5 |
       Dungeon |   1279 |   1250 |     29 |      0 |   1080 |   2 |  639.5 |
               +--------+--------+--------+--------+--------+-----+--------+

Top non-repeatable levels by time:
     D:1: 757 daAuts
     D:2: 522 daAuts
